[Event "*** SCC Grand Prix: Titled Tuesday Blitz"]
[Site "Chess.com"]
[Date "2020.10.13"]
[Round "4"]
[White "Yaacovn"]
[Black "kingofthenil"]
[Result "0-1"]
[WhiteElo "2732"]
[BlackElo "2458"]
[TimeControl "180+1"]
[EndTime "10:37:53 PDT"]
[Termination "kingofthenil won by resignation"]

1. d4 Nf6 2. e3 c5 3. c3 d5 4.
Bd3 Nc6 5. f4 Bg4 6. Nf3 e6 7.
Nbd2 Bd6 8. O-O O-O 9. Qe1 cxd4 10. cxd4 Nb4 11. Bb1 Rc8 12. Qd1 Qc7 13. h3 Bxf3 14. Nxf3 Nc2 15. Bxc2 Qxc2 16. Bd2 Ne4 17.
Bc3 Qxd1 18. Rfxd1 Nxc3 19. bxc3 Rxc3 20. Kf2 Rfc8 21.
Ke2 Rc2+ 22. Rd2 Bb4 23. Rxc2 Rxc2+ 24. Kf1 Bc3 25. Rb1 b6 26. a4 Ra2 27. Rc1 Ra3 28. Ne5 f6 29. Nc6 Bd2 30. Rd1 Bxe3 31. g3 Rxa4 32. Ke2 Rc4 33. Nd8 Rxd4 34. Ra1 Re4 35.
Kf3 a5 36. Nb7 Bc5 37. Nxc5 bxc5 38. Rxa5 c4 39. f5 exf5 40. Rxd5 g6 41. Rd7 h5 42. Rc7 Rd4 43. h4 Rd3+ 44. Kf4 c3 45. Ra7 Rd4+ 46. Ke3 Rc4 47. Kd3 c2 0-1

[Event "*** SCC Grand Prix: Titled Tuesday Blitz"]
[Site "Chess.com"]
[Date "2020.10.13"]
[Round "4"]
[White "As0nchess"]
[Black "Steven_Rojas"]
[Result "1-0"]
[WhiteElo "2625"]
[BlackElo "2461"]
[TimeControl "180+1"]
[EndTime "10:37:57 PDT"]
[Termination "As0nchess won by resignation"]

1. e4 e5 2. Nf3 Nc6 3. Bc4 Nf6 4. d3 Be7 5. O-O O-O 6. Re1 d6 7. a4 Kh8 8. Nc3 Ng8 9. Nd5 f5 10. h3 f4 11. b4 Be6 12. d4 Bxd5 13. exd5 Nxd4 14.
Nxd4 exd4 15. Ra3 c5 16. dxc6 bxc6 17. Qxd4 d5 18. Bf1 Qb6 19. Qxb6 axb6 20. Bd2 Ra7 21. a5 Rfa8 22. Rf3 bxa5 23. bxa5 g5 24. h4 h6 25. hxg5 hxg5 26. Rh3+ Kg7 27. Bd3 Nf6 28. Bc3 Rh8 29. Rxh8 Kxh8 30. Rxe7 Rxe7 31. Bxf6+ Rg7 32. Bxg7+ Kxg7 33. a6 f3 1-0

[Event "*** SCC Grand Prix: Titled Tuesday Blitz"]
[Site "Chess.com"]
[Date "2020.10.13"]
[Round "4"]
[White "janumber1"]
[Black "korkmaz16"]
[Result "1-0"]
[WhiteElo "2202"]
[BlackElo "2384"]
[TimeControl "180+1"]
[EndTime "10:37:57 PDT"]
[Termination "janumber1 won by resignation"]

1. e4 c5 2. d4 cxd4 3. c3 d5 4. exd5 Qxd5 5. cxd4 Nc6 6. Nf3 Bg4 7. Be2 e6 8. Nc3 Bb4 9. O-O Bxc3 10. bxc3 Nf6 11. Be3 O-O 12. c4 Qh5 13. h3 Bxf3 14. Bxf3 Qg6 15. Bxc6 bxc6 16. Rb1 Rfd8 17. Qf3 Qe4 18.
Qxe4 Nxe4 19. Rb7 a5 20. Rfb1 Nc3 21. R1b2 a4 22. a3 Nd1 23. R2b4 c5 24. dxc5 Nxe3 25.
fxe3 Rdc8 26. R4b5 h5 27. Kf2 Ra6 28. Ke2 e5 29.
Rb8 Rc6 30. Rxc8+ Rxc8 31. Kd3 f5 32. Kc3 Kf7 33. Rb7+ Ke6 34. Kb4 Rd8 35. Rxg7 Rd3 36. Kxa4 Rxe3 37. Rg6+ Kd7 38. Kb4 Re2 39. c6+ Kc7 40. Kc5 e4 41. Rg7+ Kc8 42. a4 e3 43.
a5 Ra2 44. a6 e2 45. Re7 f4 46. Kb6 Rb2+ 47. Kc5 Ra2 48. a7 Rxa7 49. Rxe2 Rg7 50.
Kb6 Rg8 51. Ra2 Kb8 52. c7+ Kc8 53. Ra8+ 1-0

[Event "*** SCC Grand Prix: Titled Tuesday Blitz"]
[Site "Chess.com"]
[Date "2020.10.13"]
[Round "4"]
[White "Anton_Demchenko"]
[Black "teacher4chess"]
[Result "1-0"]
[WhiteElo "2804"]
[BlackElo "2033"]
[TimeControl "180+1"]
[EndTime "10:37:58 PDT"]
[Termination "Anton_Demchenko won by checkmate"]

1. e4 Nf6 2. Nc3 d5 3. e5 Nfd7 4. d4 e6 5. Nf3 c5 6. Ne2 cxd4 7. Nexd4 Nc6 8. Bf4 a6 9. c3 Bc5 10. Bd3 Qb6 11. O-O Nxd4 12. cxd4 Bxd4 13. Nxd4 Qxd4 14.
Bg3 Qxb2 15. a4 Qb6 16. Rb1 Qd8 17. Qg4 O-O 18. Bh4 Qe8 19. Rfe1 f5 20. exf6 Nxf6 21.
Qd4 Qf7 22. f3 Rb8 23. Bg3 Ra8 24. a5 Re8 25. Rbc1 Bd7 26. Rc7 Rec8 27. Rxb7 Qe8 28. Be5 Bc6 29. Rxg7+ Kxg7 30. Bxf6+ Kg8 31. Qg4+ Kf8 32.
Qg7# 1-0

[Event "*** SCC Grand Prix: Titled Tuesday Blitz"]
[Site "Chess.com"]
[Date "2020.10.13"]
[Round "4"]
[White "Heineccius"]
[Black "Nikita_Klepikov"]
[Result "1-0"]
[WhiteElo "2516"]
[BlackElo "2250"]
[TimeControl "180+1"]
[EndTime "10:37:59 PDT"]
[Termination "Heineccius won by resignation"]

1. d4 Nf6 2. c4 d6 3. Nf3 g6 4. g3 Bg7 5. Bg2 O-O 6. O-O c6 7. Nc3 Nbd7 8. e4 Nb6 9. b3 Nfd7 10. Bg5 h6 11. Be3 c5 12. Qd2 Kh7 13. d5 Nf6 14. h3 Bd7 15. Ne1 Qc8 16. Kh2 a5 17. a4 Ne8 18.
Nd3 Nc7 19. Rae1 Na6 20. f4 Nb4 21. Nf2 e5 22. dxe6 Bxe6 23. f5 gxf5 24. exf5 Bxf5 25. Nfe4 d5 26. Nxd5 N6xd5 27. cxd5 Bg6 28. Nf6+ Bxf6 29. Rxf6 Nc2 30. Rxg6 Nxe1 31. Rxh6+ Kg7 32.
Qxe1 Re8 33. Qc3+ Kf8 34. Qf6 1-0

[Event "*** SCC Grand Prix: Titled Tuesday Blitz"]
[Site "Chess.com"]
[Date "2020.10.13"]
[Round "4"]
[White "Balla_Tamas"]
[Black "MaxLeto"]
[Result "1-0"]
[WhiteElo "2458"]
[BlackElo "2302"]
[TimeControl "180+1"]
[EndTime "10:37:59 PDT"]
[Termination "Balla_Tamas won by checkmate"]

1. d4 Nf6 2. c4 g6 3. Nc3 Bg7 4. e4 d6 5. f3 O-O 6. Be3 e5 7. d5 Nfd7 8. g4 a5 9. Qd2 Nc5 10. h4 f5 11. gxf5 gxf5 12. O-O-O Nbd7 13. exf5 Nf6 14. Bh3 Nh5 15. Nge2 Bxf5 16. Bxf5 Rxf5 17.
Bxc5 dxc5 18. Ne4 Qf8 19. Rdg1 Kh8 20. Kb1 Rxf3 21. Ng5 Bh6 22. Nc3 Qf5+ 23. Ka1 Rf2 24. Qe3 Rf8 25. a3 Qc2 26. Rb1 R2f3 27. Qxc5 Rxc3 28.
Rhc1 Qxc1 29. Rxc1 Rxc1+ 30. Ka2 Nf4 31. Qe7 Ng6 32.
Qxh7# 1-0

[Event "*** SCC Grand Prix: Titled Tuesday Blitz"]
[Site "Chess.com"]
[Date "2020.10.13"]
[Round "4"]
[White "Jabberwockiez"]
[Black "nelsoncopa"]
[Result "1-0"]
[WhiteElo "2224"]
[BlackElo "1815"]
[TimeControl "180+1"]
[EndTime "10:37:59 PDT"]
[Termination "Jabberwockiez won by resignation"]

1. e4 d6 2. d4 Nf6 3. Nc3 Nbd7 4. Be3 e5 5. Nf3 Be7 6. Bc4 c6 7. O-O O-O 8. h3 Qc7 9. a4 a5 10. Bd3 exd4 11. Bxd4 Ne5 12. Re1 h6 13. Nh2 b6 14.
Bf1 Ba6 15. f4 Ned7 16. e5 dxe5 17. fxe5 Nh7 18. Bxa6 Rxa6 19. Ng4 Raa8 20. e6 fxe6 21. Nxh6+ Kh8 22. Qg4 Ndf6 23. Qxe6 Bc5 24. Bxc5 bxc5 25.
Nf5 Rae8 26. Ne7 Rxe7 27. Qxe7 Qxe7 28. Rxe7 Rb8 29. b3 Kg8 30. Rae1 Rc8 31. Ra7 Nf8 32. Ree7 Ng6 33. Rxg7+ Kf8 34. Rxg6 1-0

[Event "*** SCC Grand Prix: Titled Tuesday Blitz"]
[Site "Chess.com"]
[Date "2020.10.13"]
[Round "4"]
[White "Vamostodorecto"]
[Black "WonderChampion"]
[Result "1-0"]
[WhiteElo "2372"]
[BlackElo "2020"]
[TimeControl "180+1"]
[EndTime "10:38:00 PDT"]
[Termination "Vamostodorecto won by resignation"]

1. d4 d5 2. c4 e6 3. Nc3 c6 4.
e4 dxe4 5. Nxe4 Nf6 6. Nxf6+ Qxf6 7. Nf3 Bb4+ 8. Bd2 Bxd2+ 9. Qxd2 O-O 10. Bd3 Rd8 11. O-O c5 12. Qc2 g6 13. dxc5 Nc6 14.
a3 Ne5 15. Nxe5 Qxe5 16. b4 Bd7 17. Be4 f5 18. Bxb7 Rab8 19. c6 Bc8 20. Rfe1 Qf6 21.
c7 Bxb7 22. cxb8=Q Rxb8 23. Rad1 Qg5 24. f3 Bxf3 25. Rd7 Be4 26. Qf2 Rc8 27. Rxe4 Qc1+ 28. Re1 Qxc4 29. Qxa7 Qc3 30. Qe3 Qxe3+ 31. Rxe3 Rc1+ 32.
Kf2 Rc2+ 33. Re2 Rc3 34. Rxe6 Kf8 35. a4 Ra3 36. a5 Rb3 37. Rb7 Ra3 38. a6 h6 39.
Rxg6 Ra2+ 40. Kg3 Ra3+ 41. Kf4 Ra2 42. a7 Rf2+ 43. Ke3 Ra2 44. Rc6 1-0

[Event "*** SCC Grand Prix: Titled Tuesday Blitz"]
[Site "Chess.com"]
[Date "2020.10.13"]
[Round "4"]
[White "Zkid"]
[Black "Azerichess"]
[Result "1/2-1/2"]
[WhiteElo "2817"]
[BlackElo "2948"]
[TimeControl "180+1"]
[EndTime "10:38:01 PDT"]
[Termination "Game drawn by repetition"]

1. e4 c6 2. d4 d5 3. exd5 cxd5 4. Bd3 Nc6 5. c3 Qc7 6. Ne2 Bg4 7. O-O Bh5 8. f4 e6 9. Qe1 Bd6 10. Ng3 Nf6 11.
Nxh5 Nxh5 12. g3 O-O 13. Nd2 Rae8 14. Qe2 g6 15. Nf3 f5 16. Bd2 Nf6 17. Ne5 Ne4 18.
Be3 a6 19. c4 Kh8 20. c5 Be7 21. Bxe4 dxe4 22. Qc4 Rd8 23. Qxe6 Nxd4 24. Nf7+ Rxf7 25.
Qxf7 Nc2 26. Rae1 Nxe3 27. Rxe3 Qxc5 28. Re1 Rd3 29. Kf1 Rxe3 30. Rxe3 Qxe3 31. Qe8+ Kg7 32.
Qxe7+ Kg8 33. Qd8+ Kg7 34. Qe7+ Kg8 35. Qe8+ Kg7 36. Qe7+ 1/2-1/2

[Event "*** SCC Grand Prix: Titled Tuesday Blitz"]
[Site "Chess.com"]
[Date "2020.10.13"]
[Round "4"]
[White "GM4life"]
[Black "Kavyev_Ruslan"]
[Result "0-1"]
[WhiteElo "2346"]
[BlackElo "2552"]
[TimeControl "180+1"]
[EndTime "10:38:03 PDT"]
[Termination "Kavyev_Ruslan won by resignation"]

1. d4 Nf6 2. c4 g6 3. Nc3 d5 4.
Nf3 Bg7 5. h4 dxc4 6. Bg5 Nbd7 7. e4 Nb6 8. e5 Nfd5 9. a4 a5 10.
h5 h6 11. hxg6 hxg5 12. gxf7+ Kxf7 13. Nxg5+ Kg6 14. Rxh8 Qxh8 15. Nxd5 Nxd5 16. Bxc4 Qh1+ 17. Kd2 Qxd1+ 18. Rxd1 Bh6 19. Bxd5 Bxg5+ 20. Kc3 c6 21. Bb3 Bf5 22. g3 e6 23. f4 Be7 24. Rh1 Kg7 25. Bd1 Rh8 26. Rg1 Rh3 27. Kc4 Be4 28. Bg4 Bd5+ 29. Kc3 Rh2 30. Bd1 Bb4+ 31. Kd3 Rxb2 32.
g4 Rb1 33. f5 Bf3 34. f6+ Kg6 35. Kc2 Rxd1 36. Rxd1 Bxd1+ 37. Kxd1 Bc3 0-1

[Event "*** SCC Grand Prix: Titled Tuesday Blitz"]
[Site "Chess.com"]
[Date "2020.10.13"]
[Round "4"]
[White "tk22h"]
[Black "Gerodot71"]
[Result "1/2-1/2"]
[WhiteElo "2320"]
[BlackElo "2456"]
[TimeControl "180+1"]
[EndTime "10:38:04 PDT"]
[Termination "Game drawn by repetition"]

1. d4 Nf6 2. c4 e6 3. Nc3 Bb4 4. e3 d5 5. a3 Bd6 6. Bd3 O-O 7.
Nf3 a6 8. O-O dxc4 9. Bxc4 b5 10. Bd3 Bb7 11. e4 Be7 12. Qe2 c5 13. dxc5 Bxc5 14. Bg5 h6 15. Bh4 Be7 16. Rfd1 Qe8 17. Rac1 Nbd7 18. Bg3 Nh5 19. e5 Nxg3 20. hxg3 Nc5 21.
Bb1 Rc8 22. Ne4 Nxe4 23. Bxe4 Rxc1 24. Rxc1 Qa8 25. Bxb7 Qxb7 26. Qc2 Rd8 27. Qc7 Rd1+ 28. Kh2 Qxc7 29. Rxc7 Bf8 30. g4 g6 31. Ra7 Rb1 32. b4 Ra1 33. Nd2 Rxa3 34. Ne4 Bxb4 35. Nf6+ Kg7 36. Ra8 Bf8 37. Ne8+ Kg8 38. Nf6+ Kg7 39.
Ne8+ Kg8 40. Nf6+ Kg7 1/2-1/2

[Event "*** SCC Grand Prix: Titled Tuesday Blitz"]
[Site "Chess.com"]
[Date "2020.10.13"]
[Round "4"]
[White "chessfrendz"]
[Black "Ramu_K_FM_FT"]
[Result "1-0"]
[WhiteElo "2382"]
[BlackElo "2098"]
[TimeControl "180+1"]
[EndTime "10:38:06 PDT"]
[Termination "chessfrendz won on time"]

1. d4 Nf6 2. Nf3 g6 3. Nc3 Bg7 4. e4 d6 5. g3 Nbd7 6. Bg2 O-O 7. O-O e5 8. d5 h6 9. a4 Nh7 10. g4 f5 11. gxf5 gxf5 12. exf5 Rxf5 13. Be3 Ndf8 14. Nd2 Ng5 15. Nde4 Qe8 16. Nxg5 hxg5 17. Ne4 Bh6 18. h4 Nh7 19. Bh3 Rf4 20. Bxc8 Qxc8 21. Bxf4 gxf4 22. Qh5 Qh3 23. Ra3 f3 24. Rxf3 1-0

[Event "*** SCC Grand Prix: Titled Tuesday Blitz"]
[Site "Chess.com"]
[Date "2020.10.13"]
[Round "4"]
[White "Maksimus1998"]
[Black "ASVZ"]
[Result "0-1"]
[WhiteElo "2608"]
[BlackElo "2454"]
[TimeControl "180+1"]
[EndTime "10:38:07 PDT"]
[Termination "ASVZ won by resignation"]

1. e4 e6 2. d4 d5 3. Nd2 Nc6 4. e5 Nxd4 5. Bd3 c5 6. c3 Nc6 7.
Ngf3 g5 8. Bb5 g4 9. Ng1 Qg5 10. f4 gxf3 11. Ngxf3 Qe3+ 12. Kf1 Nh6 13. Nb3 Ng4 14.
Bxe3 Nxe3+ 15. Ke2 Nxd1 16. Raxd1 Bd7 17. Rhf1 Nxe5 18.
Bxd7+ Nxd7 19. Ng5 Ne5 20. c4 d4 21. Nd2 Rg8 22.
Nxh7 Rxg2+ 23. Rf2 Rxf2+ 24. Kxf2 O-O-O 25. Ne4 Be7 26.
Nhf6 Nxc4 27. Rc1 Nxb2 28. Ke2 c4 29. Ng4 f5 0-1

[Event "*** SCC Grand Prix: Titled Tuesday Blitz"]
[Site "Chess.com"]
[Date "2020.10.13"]
[Round "4"]
[White "karwowskikacper"]
[Black "pastouche06"]
[Result "1-0"]
[WhiteElo "2342"]
[BlackElo "2469"]
[TimeControl "180+1"]
[EndTime "10:38:12 PDT"]
[Termination "karwowskikacper won by checkmate"]

1. c4 e6 2. Nc3 d5 3. cxd5 exd5 4. d4 Be7 5. Nf3 c6 6. Bf4 Nf6 7. e3 O-O 8. Bd3 Re8 9. Qc2 Nbd7 10. O-O Nf8 11. Rab1 a5 12. a3 Bd6 13. Bxd6 Qxd6 14. b4 axb4 15. axb4 b5 16. Ne2 N8d7 17. Rfc1 Bb7 18.
Ng3 g6 19. h4 Ra4 20. h5 Rxb4 21.
Rxb4 Qxb4 22. hxg6 fxg6 23. Bxg6 Rf8 24. Ne5 Nxe5 25.
dxe5 Ng4 26. Bxh7+ Kh8 27. Qg6 Nxe5 28. Qh5 Qb2 29. Bf5+ Kg7 30. Qh7+ Kf6 31. Nh5+ Kg5 32. f4+ Kh4 33. Ng3+ Kxg3 34. Qh3# 1-0

[Event "*** SCC Grand Prix: Titled Tuesday Blitz"]
[Site "Chess.com"]
[Date "2020.10.13"]
[Round "4"]
[White "PlotnikovPavel"]
[Black "JiiHart"]
[Result "1-0"]
[WhiteElo "2379"]
[BlackElo "2074"]
[TimeControl "180+1"]
[EndTime "10:38:12 PDT"]
[Termination "PlotnikovPavel won by checkmate"]

1. e4 c5 2. Nc3 Nc6 3. Bb5 g6 4. Bxc6 dxc6 5. f4 Bg7 6. d3 e5 7. Nf3 exf4 8. Bxf4 Nf6 9. O-O h6 10. Be3 b6 11. h3 O-O 12. Qd2 Kh7 13. Rae1 Be6 14. a3 Qe7 15. Re2 Rad8 16. Ref2 Nd7 17. Bf4 b5 18. b3 b4 19. axb4 cxb4 20. Ne2 c5 21. Ng3 f5 22. exf5 Bxf5 23. Re2 Qf6 24.
Nxf5 Qxf5 25. Be3 Ne5 26. Ng5+ hxg5 27. Rxf5 Rxf5 28. Bxg5 Rdf8 29. Bh4 g5 30. Bg3 Rf1+ 31. Kh2 Ng6 32. Qxg5 Bh6 33. Qxc5 Nf4 34. Re7+ Kh8 35.
Qe5+ Bg7 36. Qxg7# 1-0

[Event "*** SCC Grand Prix: Titled Tuesday Blitz"]
[Site "Chess.com"]
[Date "2020.10.13"]
[Round "4"]
[White "Lagmantr"]
[Black "AldokhinIvan"]
[Result "1-0"]
[WhiteElo "2724"]
[BlackElo "2549"]
[TimeControl "180+1"]
[EndTime "10:38:14 PDT"]
[Termination "Lagmantr won by resignation"]

1. e4 c5 2. Nf3 e6 3. d4 cxd4 4. Nxd4 a6 5. c4 Qc7 6. Be2 Nf6 7. Nc3 d6 8. O-O Ke7 9. Bg5 Nc6 10. Rc1 Qb6 11.
Nb3 g6 12. c5 dxc5 13. Na4 Qd8 14. Qxd8+ Nxd8 15. e5 Bg7 16. Nb6 Rb8 17. Rxc5 Nc6 18. Rd1 Nxe5 19. Rxe5 h6 20. Be3 Nd7 21. Nxd7 Bxd7 22.
Rc5 Rbc8 23. Rxc8 Rxc8 24. Bd4 e5 25. Bc3 Be6 26. f4 Bxb3 27. axb3 b5 28. fxe5 b4 29.
Bxb4+ Ke6 30. Bg4+ 1-0

[Event "*** SCC Grand Prix: Titled Tuesday Blitz"]
[Site "Chess.com"]
[Date "2020.10.13"]
[Round "4"]
[White "anasta10"]
[Black "FMalexhdez"]
[Result "1-0"]
[WhiteElo "2418"]
[BlackElo "2252"]
[TimeControl "180+1"]
[EndTime "10:38:14 PDT"]
[Termination "anasta10 won by resignation"]

1. d4 Nf6 2. c4 e6 3. Nc3 Bb4 4. Qc2 c5 5. e3 d5 6. Nf3 Nc6 7. Be2 O-O 8. O-O dxc4 9. Rd1 cxd4 10. exd4 Bxc3 11. bxc3 b5 12. a4 b4 13. Bxc4 Bb7 14. cxb4 Nxb4 15. Qb3 a5 16. Ne5 Bd5 17. Bg5 h6 18.
Bxf6 Qxf6 19. Bxd5 Nxd5 20. Nd7 Qg5 21. Nxf8 Rxf8 22. Qg3 Qf5 23. h3 Nb4 24. Rac1 Rd8 25.
Qe5 Qg6 26. Qxa5 Rb8 27. Rb1 Qe4 1-0

[Event "*** SCC Grand Prix: Titled Tuesday Blitz"]
[Site "Chess.com"]
[Date "2020.10.13"]
[Round "4"]
[White "German_Bazeev"]
[Black "chigorin28"]
[Result "1-0"]
[WhiteElo "2707"]
[BlackElo "2418"]
[TimeControl "180+1"]
[EndTime "10:38:15 PDT"]
[Termination "German_Bazeev won on time"]

1. d4 Nf6 2. Nf3 g6 3. c4 Bg7 4. Nc3 d6 5. Bg5 O-O 6. e3 a6 7.
Be2 Nc6 8. O-O h6 9. Bh4 g5 10. Bg3 Nh5 11. Qc2 Nxg3 12. hxg3 f5 13. d5 Ne5 14. Nxe5 Bxe5 15. f4 Bf6 16. g4 gxf4 17. Rxf4 Bg5 18. Rf3 Bd7 19. gxf5 Qe8 20. Raf1 Rf7 21. Ne4 Rg7 22. Nxg5 Rxg5 23. e4 Qf7 24.
Qd3 Qf6 25. Rg3 Kh8 26. Rxg5 hxg5 27. b3 Rg8 28. Kf2 Kg7 29. Rh1 Rh8 30. Rxh8 Kxh8 31. Ke3 Kg8 32. Qd4 Qh6 33. Kd2 b6 34. g4 Qh2 35. Qe3 Qh4 36. e5 Be8 37. f6 exf6 38. exd6 Bg6 39. dxc7 1-0

[Event "*** SCC Grand Prix: Titled Tuesday Blitz"]
[Site "Chess.com"]
[Date "2020.10.13"]
[Round "4"]
[White "ViktoriyaTarasova"]
[Black "grunbergmihai"]
[Result "0-1"]
[WhiteElo "2252"]
[BlackElo "2417"]
[TimeControl "180+1"]
[EndTime "10:38:15 PDT"]
[Termination "grunbergmihai won by checkmate"]

1. d4 f5 2. c4 Nf6 3. g3 g6 4. Bg2 Bg7 5. Nf3 O-O 6. O-O c6 7. b3 Ne4 8. Bb2 a5 9. Nbd2 d5 10. Ne5 Be6 11. Qc2 Nd7 12. Ndf3 Nxe5 13. Nxe5 a4 14. f3 Nd6 15. cxd5 cxd5 16. Rac1 axb3 17. axb3 Ra2 18. Ra1 Rxa1 19. Rxa1 Qb6 20. Kh1 Rc8 21. Qd3 Nf7 22. f4 Nxe5 23. fxe5 Qc6 24. Bf3 Qc2 25. Qxc2 Rxc2 26. Ba3 Rc3 27. Rb1 Kf7 28. Bb4 Rc2 29. Kg1 g5 30. Kf1 g4 31. Bg2 h5 32. Bc5 Bh6 33.
Ra1 f4 34. gxf4 Bxf4 35. Ra7 Be3 36. Ra1 h4 37. Bh1 Rd2 38. Ra7 Rd1+ 39. Kg2 Rg1# 0-1

[Event "*** SCC Grand Prix: Titled Tuesday Blitz"]
[Site "Chess.com"]
[Date "2020.10.13"]
[Round "4"]
[White "albi1999"]
[Black "markberk"]
[Result "1-0"]
[WhiteElo "2618"]
[BlackElo "2408"]
[TimeControl "180+1"]
[EndTime "10:38:16 PDT"]
[Termination "albi1999 won by resignation"]

1. d4 Nf6 2. c4 e6 3. Nf3 d5 4.
g3 dxc4 5. Bg2 Nc6 6. Qa4 Nd5 7. Qxc4 Nb6 8. Qb5 a6 9. Qd3 e5 10. Nxe5 Nxd4 11. e3 Bb4+ 12. Bd2 Bxd2+ 13. Nxd2 f6 14. Qxd4 Qxd4 15. exd4 fxe5 16. dxe5 O-O 17. O-O c6 18.
Ne4 Nc4 19. f4 Nxb2 20. Nd6 Nd3 21. Rfd1 Nc5 22. Rac1 Bg4 23. Rd2 b6 24. Bxc6 Ra7 25.
Bd5+ Kh8 26. Rb1 g5 27. f5 Rd7 28. Rxb6 1-0

[Event "*** SCC Grand Prix: Titled Tuesday Blitz"]
[Site "Chess.com"]
[Date "2020.10.13"]
[Round "4"]
[White "LyonBeast"]
[Black "OlympusMons95"]
[Result "1-0"]
[WhiteElo "3024"]
[BlackElo "2714"]
[TimeControl "180+1"]
[EndTime "10:38:18 PDT"]
[Termination "LyonBeast won by resignation"]

1. Nf3 b6 2. b3 Bb7 3. Bb2 Nf6 4. g3 g6 5. Bg2 Bg7 6. O-O O-O 7. d4 d6 8. Nbd2 Nbd7 9. a4 a6 10. e3 e6 11. Qe2 Qe7 12. a5 b5 13. c4 b4 14. e4 e5 15. d5 Nc5 16. Ne1 Bc8 17.
Rb1 Re8 18. Nc2 Rb8 19. h3 c6 20. dxc6 Qc7 21. Ne3 Qxc6 22. Nd5 Nxd5 23. cxd5 Qc7 24.
f4 Bd7 25. fxe5 Bxe5 26. Bxe5 Rxe5 27. Qe3 Bb5 28. Rf6 Nd7 29. Rf2 Qxa5 30. Nf3 Re7 31. Qh6 f6 32. Nd4 Qb6 33. Rd1 Rf8 34. Ne6 Rff7 35. Qd2 a5 36. Rc1 Nc5 37. Qd4 Nd7 38.
Rc8+ 1-0

[Event "*** SCC Grand Prix: Titled Tuesday Blitz"]
[Site "Chess.com"]
[Date "2020.10.13"]
[Round "4"]
[White "GelmanAlexander"]
[Black "ajdemipopushi"]
[Result "1-0"]
[WhiteElo "2571"]
[BlackElo "2349"]
[TimeControl "180+1"]
[EndTime "10:38:19 PDT"]
[Termination "GelmanAlexander won on time"]

1. d4 Nf6 2. Nc3 d5 3. Bf4 c5 4.
e3 a6 5. Nf3 Nc6 6. Ne5 e6 7.
g4 h6 8. Bg2 Bd6 9. h4 Bxe5 10.
dxe5 Nd7 11. g5 hxg5 12. hxg5 Rxh1+ 13. Bxh1 Ndxe5 14. Qh5 Ng6 15. Bg3 Ke7 16. O-O-O Qa5 17. Bxd5 Nb4 18. Bb3 1-0

[Event "*** SCC Grand Prix: Titled Tuesday Blitz"]
[Site "Chess.com"]
[Date "2020.10.13"]
[Round "4"]
[White "Mikhail_Golubev"]
[Black "icychess54"]
[Result "1-0"]
[WhiteElo "2538"]
[BlackElo "2286"]
[TimeControl "180+1"]
[EndTime "10:38:24 PDT"]
[Termination "Mikhail_Golubev won by checkmate"]

1. e4 c5 2. Nf3 d6 3. d4 cxd4 4. Nxd4 Nf6 5. Nc3 Nc6 6. Bc4 e6 7. Be3 Be7 8. Qe2 a6 9. O-O-O Qc7 10.
Bb3 O-O 11. Rhg1 b5 12. g4 Bb7 13. g5 Nd7 14. Nxe6 fxe6 15. Bxe6+ Kh8 16. Nd5 Qd8 17. g6 Rf6 18. Bxd7 Qxd7 19. Qh5 Rxg6 20. Rxg6 Ne5 21.
Nxe7 Qxe7 22. Rgxd6 Nc4 23. Rd7 Qf6 24. Bd4 Qf4+ 25.
Kb1 Rg8 26. Rxb7 Nd2+ 27. Rxd2 Qxd2 28. Bxg7+ Rxg7 29. Qe8+ Rg8 30. Qe5+ Rg7 31. Qxg7# 1-0

[Event "*** SCC Grand Prix: Titled Tuesday Blitz"]
[Site "Chess.com"]
[Date "2020.10.13"]
[Round "4"]
[White "EddieMarsalla"]
[Black "Loy_Konstantin"]
[Result "1-0"]
[WhiteElo "2572"]
[BlackElo "2348"]
[TimeControl "180+1"]
[EndTime "10:38:24 PDT"]
[Termination "EddieMarsalla won on time"]

1. d4 Nf6 2. Bg5 Ne4 3. Bf4 c5 4. e3 cxd4 5. exd4 d5 6. c3 Nc6 7.
Nd2 Nxd2 8. Qxd2 Bf5 9. Nf3 e6 10. Bd3 Bxd3 11. Qxd3 Bd6 12. Bxd6 Qxd6 13. O-O h6 14.
Rfe1 O-O 15. Ne5 Nxe5 16. Rxe5 Rab8 17. Rae1 Qa6 18. Qb1 b5 19. a3 Qc6 20. f4 a5 21.
f5 exf5 22. Qxf5 b4 23. axb4 axb4 24. Rxd5 bxc3 25. Rc5 Qa4 26. bxc3 Rb2 27. Rf1 Qc2 28. Qxc2 Rxc2 29. h3 Ra8 30. Rcf5 Rxc3 31. Rxf7 Rd3 32. Rd7 Rf8 33. Rxf8+ Kxf8 34. d5 Rd2 35. Kh2 Kg8 36. Kg3 Kh7 37. Kf3 Kg6 38. h4 Kf6 39. g4 g5 40.
hxg5+ hxg5 41. Ke4 Rg2 42. Rd6+ Ke7 43. Re6+ Kf7 44.
Kf5 Rd2 45. Re5 Ra2 46. Kxg5 Rd2 47. Kf5 Rd1 48. Ke4 Rg1 49. g5 Kg6 50. d6 Re1+ 51. Kd5 Rd1+ 52. Ke6 1-0

[Event "*** SCC Grand Prix: Titled Tuesday Blitz"]
[Site "Chess.com"]
[Date "2020.10.13"]
[Round "4"]
[White "Guenplen"]
[Black "ManuDavid2910"]
[Result "1-0"]
[WhiteElo "2860"]
[BlackElo "2657"]
[TimeControl "180+1"]
[EndTime "10:38:26 PDT"]
[Termination "Guenplen won by resignation"]

1. d4 Nf6 2. Bf4 e6 3. e3 d5 4. Nd2 c5 5. c3 Nc6 6. Ngf3 Bd6 7. Bg3 O-O 8. Bb5 a6 9. Bxc6 bxc6 10. Qa4 cxd4 11. cxd4 Bb7 12. Rc1 a5 13. O-O Ba6 14. Bxd6 Qxd6 15. Rfe1 Bb5 16. Qc2 Nd7 17. Nb3 Ba4 18. Qc3 Bxb3 19. Qxb3 c5 20. Qa3 Rfc8 21. Rc3 Qb6 22. Rec1 c4 23. b3 Qb4 24. bxc4 Rxc4 25.
Qxb4 Rxb4 26. Rc8+ Rxc8 27. Rxc8+ Nf8 28. g4 f6 29. Rc3 Nd7 30. Kg2 Kf7 31. Ne1 e5 32.
Rc7 Ke6 33. Nd3 Rc4 34. Ra7 exd4 35. Nf4+ Kd6 36. Ra6+ Rc6 37. Rxa5 Rc5 38. Rxc5 Nxc5 39. exd4 Na4 40. Nh5 g6 41. Nxf6 Nc3 42. Nxh7 Nxa2 43. Nf8 Nc3 44. Nxg6 Ne2 45. h4 Nxd4 46. h5 Ke6 47. h6 Kf6 48. h7 1-0

[Event "*** SCC Grand Prix: Titled Tuesday Blitz"]
[Site "Chess.com"]
[Date "2020.10.13"]
[Round "4"]
[White "AIROPITO7"]
[Black "baki83"]
[Result "1/2-1/2"]
[WhiteElo "2551"]
[BlackElo "2749"]
[TimeControl "180+1"]
[EndTime "10:38:29 PDT"]
[Termination "Game drawn by repetition"]

1. e4 e5 2. Nf3 Nc6 3. Bb5 a6 4. Bxc6 dxc6 5. Nc3 Bd6 6. O-O c5 7. h3 Ne7 8. Ne2 Nc6 9. c3 c4 10. d3 cxd3 11. Qxd3 O-O 12. Ng3 Qe7 13. Bg5 f6 14. Be3 g6 15. Nd2 Be6 16. Nc4 Bc5 17. Bxc5 Qxc5 18. Ne3 Rad8 19. Qc2 Rd7 20. Rad1 Rfd8 21.
Rxd7 Rxd7 22. Rd1 Rxd1+ 23. Qxd1 Bxa2 24. Qd7 Qd6 25. Qc8+ Nd8 26. Nd5 Bxd5 27. exd5 Qxd5 28. Qxc7 Ne6 29. Qe7 Nf4 30. f3 Qf7 31. Qd8+ Kg7 32.
Ne4 h5 33. Nd6 Qe6 34. Ne8+ Kf7 35. Nd6+ Kg7 36. Ne8+ Kf7 37. Nd6+ Kg7 1/2-1/2

[Event "*** SCC Grand Prix: Titled Tuesday Blitz"]
[Site "Chess.com"]
[Date "2020.10.13"]
[Round "4"]
[White "mjray79"]
[Black "Larina_Marija"]
[Result "1-0"]
[WhiteElo "2425"]
[BlackElo "2255"]
[TimeControl "180+1"]
[EndTime "10:38:30 PDT"]
[Termination "mjray79 won on time"]

1. d4 f5 2. Nc3 Nf6 3. Bg5 Nc6 4. Bxf6 exf6 5. e3 d5 6. a3 Be6 7. Bd3 Qd7 8. Nge2 g6 9. Nf4 Bf7 10. Qf3 O-O-O 11. h3 h5 12. O-O-O Na5 13. Rhg1 Kb8 14. g4 hxg4 15. hxg4 fxg4 16. Rxg4 f5 17. Rgg1 Qc6 18. Rg2 Nc4 19. Rdg1 Nxa3 20. Nxg6 Bxg6 21. Rxg6 Bd6 22. Qxd5 Qe8 23. Qb3 Rh2 24. Rg8 Qe7 25. Rxd8+ Qxd8 26. bxa3 Rxf2 27. Rg8 Bf8 28. Qf7 Rf1+ 29.
Bxf1 1-0